 Dungeon Crawl Stone Soup version 0.30.0-29-ga12c61a403 (webtiles) character file.

Game seed: 12575518726635446329

90 FishyPogo the Insei (level 4, -2/34 HPs)
             Began as a Demonspawn Transmuter on June 5, 2023.
             Slain by an orc priest
             ... wielding a +0 war axe
              (10 damage)
             ... on level 3 of the Dungeon.
             The game lasted 00:05:58 (1956 turns).

FishyPogo the Insei (Demonspawn Transmuter)         Turns: 1956, Time: 00:05:59

Health: -2/34      AC:  2    Str: 11    XL:     4   Next: 32%
Magic:  5/7        EV: 12    Int: 16    God:
Gold:   98         SH:  4    Dex: 13    Spells: 2/8 levels left

rFire   . .          .
                       - Unarmed
rCold   + . .        (no shield)
rNeg    . . .        a - +0 robe
rPois   .            (helmet currently unavailable)
rElec   .            (no cloak)
rCorr   .            (no gloves)
SInv    .            (boots currently unavailable)
Will    +....        (no amulet)
Stlth   +            h - ring of protection from cold
HPRegen 0.25/turn    r - ring of willpower
MPRegen 0.10/turn

%: no passive effects
@: appendages (expiring), wereblooded
A: talons 2, horns 1, large bone plates 1, powered by death 1
a: End Transformation


You were on level 3 of the Dungeon.
You had temporarily grown beastly talons.
You visited 1 branch of the dungeon, and saw 3 of its levels.

You collected 98 gold pieces.

Inventory:

Missiles
 e - 46 stones
 q - 6 poisoned darts
Armour
 a - a +0 robe (worn)
 m - the +0 ring mail of the Valley {rF- rC+ Str+3}
   (You found it on level 2 of the Dungeon)

   Str:       It affects your strength (+3).
   rF:        It makes you vulnerable to fire.
   rC:        It protects you from cold.
Jewellery
 h - a ring of protection from cold (left hand)
 r - a ring of willpower (right hand)
Scrolls
 d - a scroll of fear {unknown}
 f - 3 scrolls of fog {unknown}
 g - 2 scrolls of identify {unknown}
 j - a scroll of vulnerability {unknown}
 k - a scroll of enchant armour {unknown}
 n - a scroll of noise {unknown}
 p - a scroll of blinking {unknown}
Potions
 b - a potion of lignification
 c - a potion of degeneration {unknown}
 i - a potion of flight {unknown}
 l - a potion of haste {unknown}
 o - a potion of heal wounds {unknown}


   Skills:
 * Level 2.7 Fighting
 - Level 2.0 Dodging
 + Level 3.1 Unarmed Combat
 + Level 2.5 Spellcasting
 + Level 2.3 Transmutations


You had 2 spell levels left.
You knew the following spells:

 Your Spells              Type           Power      Damage    Failure   Level
a - Beastly Appendage     Tmut           18%        N/A       8%          1
b - Wereblood             Tmut           9%         N/A       12%         2
c - Spider Form           Tmut/Pois      5%         N/A       36%         3

Your spell library contained the following spells:

 Spells                   Type           Power      Damage    Failure   Level
 Poisonous Vapours        Pois/Air       4%         N/A       30%         2
 Mephitic Cloud           Conj/Pois/Air  2%         N/A       52%         3
 Ice Form                 Ice/Tmut       5%         N/A       77%         4
 Freezing Cloud           Conj/Ice/Air   1%         6-21      99%         5


Dungeon Overview and Level Annotations

Branches:
Dungeon (3/15)

Altars:


Innate Abilities, Weirdness & Mutations

You have temporarily grown beastly talons.
You have a pair of small horns on your head.
You are partially covered in large bone plates. (SH +4)
You regenerate a little health from kills.


Message History

Confirm with . or Enter, or press ? or * to list all spells.
Your blood is infused with primal strength.
You hit the orc. You headbutt the orc.
The orc is heavily wounded.
The orc hits you but does no damage.
You hit the orc.
You kill the orc!
Things that are here:
a +0 club; an orc corpse An orc comes into view.
It is wielding a +0 club.
You howl as the wereblood boils in your veins!
You hear a shout! x2
You howl as the wereblood boils in your veins!
You hear a shout!
The orc priest looks braver for a moment.
You hear a shout! x2
Your transformation is almost over.
An orc comes into view. It is wielding a +0 dagger.
The orc hits you with a +0 club.
You barely miss the orc.
The orc priest invokes the aid of Beogh against you.
Pain shoots through your body! The orc hits you with a +0 club.
You hit the orc. Your kick misses the orc. You headbutt the orc.
The orc is almost dead.
You completely miss the orc. You claw the orc.
You feel a bit better.
You kill the orc!
You barely miss the orc. Your kick misses the orc. You headbutt the orc.
The orc is heavily wounded.
You closely miss the orc.
The orc is heavily wounded.
You howl as the wereblood boils in your veins!
The orc misses you.
The orc priest mumbles some strange prayers to Beogh against you.
Beogh smites you!
You barely miss the orc. Your kick misses the orc.
The orc is heavily wounded.
The orc hits you with a +0 dagger.
* * * LOW HITPOINT WARNING * * *
The orc priest hits you with a +0 war axe!
You die...

.........##.# .........#
.. .........# #.##
.........# ..# #
.........####.#####...#
............#.........
.........##.#...###.####
...............).o.>....
#.......#.#)#...@o......
#.......#.#.#######.#...
#.......#.#.# .
#.......#.#.# .......
.#.# #.# #.# #.# #.#


You could see an orc priest and an orc.

Vanquished Creatures
  3 worms (D:2)
  5 dart slugs
  4 orcs (D:3)
  5 ball pythons
  A bat (D:1)
  9 endoplasms
  3 giant cockroaches
  A goblin (D:1)
  5 hobgoblins
  9 jackals
  5 kobolds
  2 quokkas
  A frilled lizard (D:1)
  5 rats
58 creatures vanquished.

Notes
Turn   | Place    | Note
-------+----------+-------------------------------------------
     0 | D:1      | FishyPogo the Demonspawn Transmuter began the quest for the
                  | Orb.
     0 | D:1      | Reached XP level 1. HP: 15/15 MP: 3/3
    59 | D:1      | Gained mutation: You are partially covered in large bone
                  | plates. (SH +4) [demonic ancestry]
    59 | D:1      | Reached XP level 2. HP: 21/21 MP: 3/5
   390 | D:1      | Mutation became permanent: You have a pair of small horns
                  | on your head. [demonic ancestry]
   390 | D:1      | Gained mutation: You have a pair of horns on your head.
                  | [demonic ancestry]
   390 | D:1      | Reached XP level 3. HP: 27/27 MP: 4/6
   398 | D:1      | Reached skill level 3 in Unarmed Combat
   928 | D:2      | Learned a level 2 spell: Wereblood
   932 | D:2      | Learned a level 3 spell: Spider Form
  1185 | D:2      | Gained mutation: You regenerate a little health from kills.
                  | [demonic ancestry]
  1185 | D:2      | Reached XP level 4. HP: 15/34 MP: 0/7
  1370 | D:2      | Identified the +0 ring mail of the Valley {rF- rC+ Str+3}
  1873 | D:3      | Found a faded altar of an unknown god.
  1956 | D:3      | Slain by an orc priest

Illustrated notes

Levels and vault maps discovered:
D:1:      grunt_arrival_crossed_arrows, layout_loops_cross
D:2:      layout_basic, hangedman_abyss_or_decor_stabs
D:3:      layout_basic, ebering_ecumenical_altar_hall

Skill      XL: |  1  2  3 |
---------------+----------+-----
Dodging        | 2 |  2.0
Transmutations | 2 |  2.3
Fighting       | 2 |  2.7
Unarmed Combat | 3 |  3.1
Spellcasting   | |  2.5

Action                     |  1- 3 |  4- 6 || total
---------------------------+-------+-------++-------
  Melee: Unarmed           |   118 |    33 ||   151
         Kick              |    32 |     6 ||    38
         Headbutt          |    18 |     7 ||    25
         Punch             |     2 |       ||     2
   Cast: Beastly Appendage |    24 |     7 ||    31
         Spider Form       |     1 |     1 ||     2
         Wereblood         |       |     1 ||     1
   Stab: Sleeping          |     1 |       ||     1
 Armour: Robe              |    14 |     1 ||    15
  Dodge: Dodged            |    66 |     9 ||    75
  Block: Other             |    17 |     3 ||    20
